 Dungeon Crawl Stone Soup version 0.29.1-12-g30fa7ad0bf (webtiles) character file.

Game seed: 16561884981716102979

47 Jotpek the Cudgeller (level 3, -4/34 HPs)
             Began as a Minotaur Berserker on Dec 12, 2022.
             Was a Believer of Trog.
             Killed by divine providence
             ... invoked by an orc priest
              (11 damage)
             ... on level 2 of the Dungeon.
             The game lasted 00:02:20 (940 turns).

Jotpek the Cudgeller (Minotaur Berserker)            Turns: 940, Time: 00:02:20

Health: -4/34      AC:  9    Str: 23    XL:     3   Next: 48%
Magic:  2/2        EV:  8    Int:  4    God:    Trog [**....]
Gold:   39         SH:  0    Dex:  9    Spells: 2/2 levels left

rFire   . . .      SeeInvis .   a - +0 mace
rCold   . . .      Faith    .   (no shield)
rNeg    . . .      Spirit   .   f - +0 chain mail
rPois   .          Reflect  .   (helmet restricted)
rElec   .          Harm     .   (no cloak)
rCorr   .          Rampage  .   (no gloves)
Will    .....                   (no boots)
Stlth   ..........              (no amulet)
HPRegen 0.11/turn               (no ring)
MPRegen 0.08/turn               (no ring)

@: no status effects
A: horns 2, retaliatory headbutt
a: Renounce Religion, Berserk, Trog's Hand


You were on level 2 of the Dungeon.
You worshipped Trog.
Trog was pleased with you.
You visited 1 branch of the dungeon, and saw 2 of its levels.

You collected 39 gold pieces.

Inventory:

Hand Weapons
 a - a +0 mace (weapon)
Missiles
 e - 4 stones (quivered)
Armour
 b - a +0 animal skin
 f - a +0 chain mail (worn)
Scrolls
 d - a scroll of identify {unknown}
 h - a scroll of enchant weapon {unknown}
Potions
 c - a potion of might {unknown}
 g - 2 potions of flight {unknown}
 i - a potion of curing {unknown}


   Skills:
 + Level 4.3 Fighting
 + Level 4.5 Maces & Flails
 + Level 2.8 Armour
 + Level 2.5 Dodging


You had 2 spell levels left.
You didn't know any spells.
Your spell library was empty.

Dungeon Overview and Level Annotations

Branches:
Dungeon (2/15)

Altars:


Innate Abilities, Weirdness & Mutations

You have a pair of horns on your head.
You reflexively headbutt those who attack you in melee.


Message History

The orc priest looks encouraged for a moment.
The goblin hits you but does no damage.
You closely miss the goblin. Your headbutt misses the goblin.
The goblin barely misses you.
The orc wizard points at you and mumbles some strange words.
The puff of flame misses you.
You closely miss the goblin.
A ball python comes into view.
The goblin hits you but does no damage.
You hit the goblin. You headbutt the goblin.
You kill the goblin!
Trog accepts your kill. The orc priest hits you with a +0 club.
* * * LOW HITPOINT WARNING * * *
A dart slug comes into view.
The orc priest barely misses you. You furiously retaliate!
You headbutt the orc priest.
The orc wizard points at you and mumbles some strange words.
The magic dart hits you.
* * * LOW HITPOINT WARNING * * *
The orc wizard attacks as you move away!
The orc wizard hits you but does no damage.
The orc priest attacks as you move away!
The orc priest hits you with a +0 club.
* * * LOW HITPOINT WARNING * * *
Found a blackened silver ring.
You see here a +0 club.
The orc priest attacks as you move away!
The orc priest hits you but does no damage.
The orc wizard attacks as you move away!
The orc wizard hits you but does no damage.
The orc priest attacks as you move away!
The orc priest hits you but does no damage.
The orc wizard casts a spell.
The orc wizard flickers and vanishes!
Deactivating autopickup; reactivate with Ctrl-A.
The orc priest closely misses you.
The orc priest calls down the wrath of Beogh upon you.
Beogh smites you!
You die...

#......w..S.# ##
.............# ...
##...........####..
#...........#...
............)#.#
#............S.##
##..........#.o.#
.........^.###.####
....... #.@..#
....... ####.#
....... # ......=


You could see an orc priest and a ball python.

Vanquished Creatures
  3 dart slugs (D:1)
  An orc (D:2)
  A ball python (D:1)
  3 endoplasms
  A giant cockroach (D:1)
  4 goblins
  3 hobgoblins (D:1)
  6 jackals (D:1)
  5 quokkas (D:1)
  2 bats (D:1)
  2 kobolds (D:1)
  2 rats (D:1)
33 creatures vanquished.

Vanquished Creatures (others)
  A withered plant (D:2)
1 creature vanquished.

Grand Total: 34 creatures vanquished

Notes
Turn   | Place    | Note
-------+----------+-------------------------------------------
     0 | D:1      | Jotpek the Minotaur Berserker began the quest for the Orb.
     0 | D:1      | Reached XP level 1. HP: 19/19 MP: 0/0
   325 | D:1      | Reached XP level 2. HP: 26/27 MP: 1/1
   603 | D:1      | Reached XP level 3. HP: 23/33 MP: 2/2
   764 | D:1      | Reached ** piety under Trog
   940 | D:2      | Killed from afar by an orc priest

Illustrated notes

Levels and vault maps discovered:
D:1:      ebering_trefoil_twist, layout_rooms
D:2:      layout_rooms, ebering_ecumenical_altar_petrified, minmay_vboxes

Skill      XL: |  1  2 |
---------------+-------+-----
Fighting       | 4 |  4.3
Maces & Flails | 4 |  4.5
Armour         | |  2.8
Dodging        | |  2.5

Action                   || total
-------------------------++-------
Melee: Mace              ||    60
       Headbutt          ||     7
Armor: Animal skin       ||     5
       Chain mail        ||    30
Dodge: Dodged            ||    44
